 Dungeon Crawl Stone Soup version 0.31-a0-369-g8eba5f6939 (webtiles) character file.

Game seed: 16418198796026513434

1242 Dordric the Cleaver (level 8, -3/64 HPs)
             Began as a Hill Orc Monk on July 28, 2023.
             Killed from afar by Maggie (17 damage)
             ... with a bolt of fire
             ... on level 6 of the Dungeon.
             The game lasted 00:06:42 (5736 turns).

Dordric the Cleaver (Hill Orc Monk)                 Turns: 5736, Time: 00:06:42

Health: -3/64      AC:  8    Str: 16    XL:     8   Next: 49%
Magic:  8/8        EV: 10    Int: 10    God:
Gold:   247        SH:  0    Dex: 13    Spells: 7/7 levels left

rFire   . . .        v - +2 hammer (heavy)
rCold   . . .        d - orb {light}
rNeg    . . .        l - +0 scale mail
rPois   .            D - +0 helmet
rElec   .            u - +0 cloak
rCorr   +            (no gloves)
SInv    .            (no boots)
Will    .....        r - amulet of the acrobat Stlth
                     s - ring of resist corrosion
HPRegen 0.30/turn    (no ring)
MPRegen 0.11/turn

%: acrobat
@: mesmerised, hasted, glowing, studying Ranged Weapons, very quick
A: no striking features
a: no special abilities


You were on level 6 of the Dungeon.
You visited 1 branch of the dungeon, and saw 6 of its levels.

You collected 247 gold pieces.

Inventory:

Hand Weapons
 a - a +0 hand axe
 i - a +0 battleaxe
 t - a +4 quarterstaff of chaos
 v - a +2 heavy hammer (weapon)
Armour
 b - a +0 robe
 d - an orb of light (worn)
 l - a +0 scale mail (worn)
 u - a +0 cloak (worn)
 w - +0 steam dragon scales
 D - a +0 helmet (worn)
Jewellery
 r - an amulet of the acrobat (around neck)
 s - a ring of resist corrosion (left hand)
Wands
 o - a wand of roots (5)
 C - a wand of flame (18)
Scrolls
 f - 2 scrolls of noise
 g - a scroll of blinking {unknown}
 m - a scroll of torment
 y - 4 scrolls of identify
 z - a scroll of fear {unknown}
 B - a scroll of amnesia {unknown}
Potions
 c - a potion of ambrosia (quivered)
 e - 2 potions of haste
 h - 2 potions of enlightenment {unknown}
 j - 2 potions of heal wounds {unknown}
 k - a potion of mutation {unknown}
 n - a potion of lignification {unknown}
 p - a potion of invisibility {unknown}
 q - a potion of degeneration {unknown}
 x - a potion of berserk rage {unknown}
 A - 2 potions of might {unknown}


   Skills:
 - Level 3.6 Fighting
 + Level 13.4 Axes
 - Level 2.4 Dodging


You had 7 spell levels left.
You didn't know any spells.
Your spell library contained the following spells:

 Spells                   Type           Power      Damage    Failure   Level
 Slow                     Hex            0%         N/A       82%         1
 Lesser Beckoning         Tloc           0%         N/A       91%         2
 Confusing Touch          Hex            0%         N/A       99%         3
 Gell's Gravitas          Tloc           0%         N/A       99%         3
 Teleport Other           Tloc           0%         N/A       99%         3
 Vampiric Draining        Necr           0%         2d6       99%         3


Dungeon Overview and Level Annotations

Branches:
Dungeon (6/15)
 Temple: D:4-7

Altars:
Ashenzari
Fedhas
Vehumet
The Shining One

Shops:
D:1 *=(:(

Annotations:
D:6 Maggie


Message History

Maggie barely misses you.
You barely miss Maggie.
Maggie is heavily wounded.
Maggie hits you but does no damage.
You barely miss Maggie.
Maggie is heavily wounded.
Maggie misses you.
You barely miss Maggie.
Maggie is heavily wounded.
A sleepcap comes into view.
Maggie hits you with a +0 war axe.
You hit Maggie.
Maggie is heavily wounded.
Maggie gives herself a magical halo, but it quickly sputters out.
Maggie closely misses you.
You hit Maggie but do no damage.
Maggie is heavily wounded.
Maggie points at you and mumbles some strange words.
The bolt of fire hits you!!
You bludgeon Maggie!!
Maggie is severely wounded.
Maggie says, "Leave now, and tell all of Margery's mercy!"
Maggie gestures wildly while chanting.
Maggie attempts to bespell you!
You are mesmerised by Maggie!
You hit Maggie.
Maggie is almost dead.
Maggie casts a spell at you. The bolt of fire hits you!!
* * * LOW HITPOINT WARNING * * *
You are too injured to fight recklessly!
You are too injured to fight recklessly!
You are too injured to fight recklessly!
You are too injured to fight recklessly!
You are too injured to fight recklessly!
You sock Maggie!
Maggie is almost dead.
Maggie casts a spell at you. The bolt of fire hits you!
You die...

#.## .....##.#.#...#####.#
#... .....##.#.#.........#
#.#. .....##.#.###.####..#
#)..#.....##.#.#<...# #..#
###..####......###..###..#
#?#....@..#.##.............#
......)......f......>######.#
.#.####..#.#.#@......# #.#
.......#.#@####..# #.#
######.##.#<#.....# #.#
#..#.#.#.#...# #.###
##...#...#...# #.#..
#..#.#.....######.#..
#.#.........))...#..
#.#....#.†#########.
#.##........##....
..##....###.##.###


You could see Maggie (mesmerising) and a sleepcap.

Vanquished Creatures
  A steam dragon (D:5)
  An ice beast (D:5)
  2 black bears
  A centaur (D:6)
  2 phantoms
  A gnoll sergeant (D:6)
  2 scorpions
  Crazy Yiuf (D:4)
  An iguana (D:6)
  Ijyb (D:5)
  A sleepcap (D:5)
  Natasha (thrice) (D:4)
  Terence (D:2)
  6 gnolls
  8 adders
  2 river rats (D:3)
  4 worms
  3 orcs
  3 ball pythons
  8 endoplasms
  3 giant cockroaches
  7 goblins
  13 hobgoblins
  A jackal (D:1)
  11 kobolds
  5 quokkas
  3 bats
  2 frilled lizards (D:1)
  5 rats
102 creatures vanquished.

Notes
Turn   | Place    | Note
-------+----------+-------------------------------------------
     0 | D:1      | Dordric the Hill Orc Monk began the quest for the Orb.
     0 | D:1      | Reached XP level 1. HP: 19/19 MP: 1/1
    77 | D:1      | Found Omad's Weapon Shop.
   156 | D:1      | Reached XP level 2. HP: 26/26 MP: 2/2
   156 | D:1      | Found Jawes's Vocational Training.
   186 | D:1      | Found Pevyloro's General Store.
   261 | D:1      | Reached skill level 5 in Axes
   396 | D:1      | Found Isal's Jewellery Boutique.
   673 | D:1      | Found Qapue's Weapon Boutique.
   696 | D:1      | Reached XP level 3. HP: 31/31 MP: 3/3
  1229 | D:2      | Reached skill level 6 in Axes
  1384 | D:2      | Reached XP level 4. HP: 39/39 MP: 4/4
  1597 | D:2      | Noticed Terence
  1608 | D:2      | Killed Terence
  1609 | D:2      | Reached skill level 7 in Axes
  1819 | D:2      | Reached XP level 5. HP: 24/45 MP: 5/5
  2036 | D:3      | Found a glowing golden altar of the Shining One.
  2377 | D:3      | Found a faded altar of an unknown god.
  2472 | D:3      | Reached skill level 8 in Axes
  2482 | D:3      | Found a glowing drain.
  3196 | D:4      | Found a runed translucent door.
  3197 | D:4      | Noticed Crazy Yiuf
  3257 | D:4      | Noticed Natasha
  3265 | D:4      | Killed Natasha
  3266 | D:4      | Reached XP level 6. HP: 51/51 MP: 6/6
  3575 | D:4      | Reached skill level 9 in Axes
  3679 | D:4      | Found a broken altar of Ashenzari.
  3775 | D:4      | Found a blossoming altar of Fedhas.
  3908 | D:4      | Noticed Natasha
  3915 | D:4      | Killed Natasha
  4377 | D:4      | Killed Crazy Yiuf
  4427 | D:4      | Noticed Natasha
  4431 | D:4      | Killed Natasha
  4443 | D:5      | Entered Level 5 of the Dungeon
  4443 | D:5      | Noticed a steam dragon
  4450 | D:5      | Killed a steam dragon
  4451 | D:5      | Reached skill level 10 in Axes
  4451 | D:5      | Reached XP level 7. HP: 34/57 MP: 7/7
  4549 | D:5      | Found a radiant altar of Vehumet.
  4573 | D:5      | Reached skill level 11 in Axes
  4873 | D:5      | Noticed Ijyb
  4880 | D:5      | Killed Ijyb
  4913 | D:5      | Reached skill level 12 in Axes
  4913 | D:5      | Reached XP level 8. HP: 20/64 MP: 8/8
  5598 | D:6      | Reached skill level 13 in Axes
  5714 | D:6      | Noticed Maggie
  5736 | D:6      | Killed from afar by Maggie

Illustrated notes

Levels and vault maps discovered:
D:1:      saegor_arrival_simple_b, layout_loops_ring, serial_shops,
          nicolae_shop_window_shopping, shop, nicolae_lakefront_shop, shop,
          minmay_misc_feat_diagonals, nicolae_concentric_dashed_squares_mild,
          st_stairs_5, nicolae_shop_vocational
D:2:      layout_loops_cross, serial_glass, glass_columns_a, glass_columns_b,
          glass_columns_b, glass_columns_a, glass_columns_b, glass_columns_a,
          glass_columns_a, glass_columns_b, glass_columns_a, glass_columns_b,
          glass_columns_a, glass_columns_a, glass_columns_a, glass_columns_a,
          uniq_terence
D:3:      layout_basic, mainiacjoe_overflow_cross_hatched,
          hellmonk_ecumenical_altar_blasted, lightli_sewer_entry_pipes
D:4:      layout_layer_cave, mainiacjoe_overflow_catch_the_wave, chequers_jeans,
          nrook_mini_vaults, uniq_natasha, uniq_crazy_yiuf_cottage
D:5:      layout_loops_ring, mainiacjoe_overflow_alcove_2, uniq_ijyb
D:6:      layout_basic, mainiacjoe_overflow_boulevard, uniq_sigmund, uniq_maggie

Skill      XL: |  1  2  3  4  5  6  7  8 |
---------------+-------------------------+-----
Axes           | 5 6 7 8 10 12 13 | 13.4
Fighting       | |  3.6
Dodging        | |  2.4

Action                     |  1- 3 |  4- 6 |  7- 9 || total
---------------------------+-------+-------+-------++-------
  Melee: Hand axe          |    33 |       |       ||    33
         Battleaxe         |    84 |   138 |       ||   222
         Mace              |       |     5 |    72 ||    77
  Evoke: Wand              |       |       |     1 ||     1
    Use: Scroll            |       |     3 |       ||     3
         Potion            |       |     2 |     1 ||     3
 Armour: Robe              |     2 |       |       ||     2
         Ring mail         |    40 |     2 |       ||    42
         Scale mail        |       |    41 |    35 ||    76
  Dodge: Dodged            |    80 |    87 |    67 ||   234
   Form: Beast             |     1 |       |       ||     1
                           |     1 |       |       ||     1

Table legend: (Time is in decaauts)
 A = Elapsed time spent in this place.
 B = Non-inter-level travel time spent in this place.
 C = Inter-level travel time spent in this place.
 D = Time resting spent in this place.
 E = Time spent auto-exploring this place.
 F = Levels seen in this place.
 G = Mean time per level.
                   A        B        C        D        E       F      G
               +--------+--------+--------+--------+--------+-----+--------+
         Total |   5847 |   5711 |    136 |    134 |   4599 |   6 |  974.5 |
       Dungeon |   5847 |   5711 |    136 |    134 |   4599 |   6 |  974.5 |
               +--------+--------+--------+--------+--------+-----+--------+

Top non-repeatable levels by time:
     D:4: 1335 daAuts
     D:3: 1307 daAuts
     D:1: 967 daAuts
     D:5: 954 daAuts
     D:2: 922 daAuts
     D:6: 359 daAuts
